 Dungeon Sprint DCSS version 0.21-a0-94-gdd6ab6a (webtiles) character file.

144 Kidiri the Skirmisher (level 5, -2/43 HPs)
             Began as a Draconian Transmuter on July 2, 2017.
             Was an Initiate of Hepliaklqana.
             Shot with an arrow by a centaur (7 damage)
             ... in the Dungeon (Sprint IX: "|||||||||||||||||||||||||||||").
             The game lasted 00:02:57 (227 turns).

Kidiri the Skirmisher (Draconian Transmuter)         Turns: 227, Time: 00:02:58

Health: -2/43      AC:  6    Str: 15    XL:     5   Next: 5%
Magic:  10/12      EV: 14    Int: 17    God:    Hepliaklqana [......]
Gold:   0          SH:  0    Dex: 12    Spells: 3/13 levels left

rFire    . . .     SeeInvis .     - Unarmed
rCold    . . .     Gourm    .   (no shield)
rNeg     . . .     Faith    .   (armour unavailable)
rPois    .         Spirit   .   (helmet restricted)
rElec    .         Reflect  .   p - +0 cloak
rCorr    .         Harm     .   (no gloves)
MR       .....     NoTele   +   (no boots)
Stlth    +.........             (no amulet)
HPRegen  0.14/turn              q - +3 ring of strength
MPRegen  0.13/turn              r - +3 ring of intelligence

@: no status effects
A: unfitting armour, reduced essence, cold-blooded, AC +5
a: Recall Ancestor, Ancestor Identity, Renounce Religion


You were in the Dungeon.
You worshipped Hepliaklqana.
Hepliaklqana was noncommittal.
You were not hungry.

You visited 1 branch

Inventory:

Hand Weapons
 e - a +0 flail
 h - a +0 short sword
Missiles
 a - 12 arrows
Armour
 p - a +0 cloak (worn)
Jewellery
 q - a +3 ring of strength (left hand)
 r - a +3 ring of intelligence (right hand)
Wands
 o - a wand of iceblast (7/15)
Scrolls
 i - 2 scrolls of blinking
 m - 3 scrolls of remove curse
 n - 2 scrolls of amnesia
Potions
 d - 5 potions of curing
 f - a potion of haste
 g - 4 potions of magic
 k - a potion of invisibility
 l - 2 potions of heal wounds
Books
 b - a book of Changes

   Spells                             Type                      Level
   a - Beastly Appendage              Transmutation                1
   b - Sticks to Snakes               Transmutation                2
   c - Spider Form                    Transmutation/Poison         3
   d - Ice Form                       Ice/Transmutation            4
   e - Blade Hands                    Transmutation                5
Comestibles
 c - a bread ration
 j - 4 chunks of flesh


   Skills:
 * Level 5.2 Fighting
 * Level 4.8 Dodging
 + Level 4.4 Unarmed Combat
 * Level 4.9 Spellcasting
 + Level 3.8 Transmutations
 + Level 1.6 Ice Magic
 + Level 1.5 Poison Magic


You had 3 spell levels left.
You knew the following spells:

 Your Spells              Type           Power        Failure   Level  Hunger
a - Beastly Appendage     Tmut           ###...       3%          1    None
b - Sticks to Snakes      Tmut           ###.....     4%          2    #......
c - Spider Form           Tmut/Pois      ##........   14%         3    ###....
d - Ice Form              Ice/Tmut       ##......     43%         4    ####...


Dungeon Overview and Level Annotations

Branches:
Dungeon (1/1)

Altars:
Cheibriados
Dithmenos
Elyvilon
Fedhas
Gozag
Hepliaklqana
Kikubaaqudgha
Makhleb
Nemelex Xobeh
Okawaru
Qazlal
Ru
Sif Muna
Trog
Uskayaw
Vehumet
Wu Jian
Xom
Yredelemnul
Zin
The Shining One
Beogh
Jiyva
Lugonu


Innate Abilities, Weirdness & Mutations

Your plain brown scales are hard. (AC +5)
You cannot fit into any form of body armour.
You are cold-blooded and may be slowed by cold attacks.
Your life essence is reduced to manifest your ancestor. (-10% HP)


Message History

The centaur completely misses you.
Things that are here:
a spear; a ring mail; a gnoll corpse Unknown command.
You hit the centaur.
The centaur is poisoned.
The centaur is moderately wounded.
Your transformation has ended.
Your +0 cloak unmelds from your body.
The centaur hits you but does no damage.
You hit the centaur but do no damage.
Your tail-slap misses the centaur.
The centaur is moderately wounded.
The centaur hits you!
* * * LOW HITPOINT WARNING * * *
The centaur barely misses you.
Unknown command.
You swap places.
The centaur wields an uncursed shortbow.
The centaur shoots an arrow.
The arrow barely misses Servius.
The arrow hits you!
You die... ▓▓▓▓▓▓▓▓▓▓▓▓▓▓▓▓▓▓▓▓▓▓▓▓ +.YoacR@..[.[)|..'______ ▓▓▓▓▓▓▓▓▓▓▓▓▓▓▓▓▓▓▓▓▓▓▓▓

You could see the friendly Servius the ancestor, a yak, an orc warrior, a centaur and a worker ant.

Vanquished Creatures
  A gnoll sergeant (D)
  A scorpion (D)
  An adder (D)
  An ooze (D)
  A leopard gecko (D)
  3 orcs (D)
  A giant cockroach (D)
  A goblin (D)
  A kobold (D)
  A rat (D)
12 creatures vanquished.

Notes
Turn   | Place    | Note
-------+----------+-------------------------------------------
     0 | D        | Kidiri the Draconian Transmuter began the quest for the Orb.
     0 | D        | Reached XP level 1. HP: 16/16 MP: 3/3
     8 | D        | Reached skill level 2 in Fighting
    11 | D        | Reached XP level 2. HP: 24/24 MP: 2/5
    41 | D        | Learned a level 2 spell: Sticks to Snakes
    42 | D        | Noticed a scorpion
    63 | D        | Killed a scorpion
    63 | D        | Reached skill level 4 in Fighting
    63 | D        | Reached XP level 3. HP: 33/33 MP: 4/8
    67 | D        | Reached XP level 4. HP: 40/40 MP: 6/10
    83 | D        | Learned a level 3 spell: Spider Form
    88 | D        | Learned a level 4 spell: Ice Form
    92 | D        | Found a roughly hewn altar of Beogh.
    92 | D        | Found a snail-covered altar of Cheibriados.
    92 | D        | Found a shadowy altar of Dithmenos.
    92 | D        | Found a white marble altar of Elyvilon.
    92 | D        | Found a blossoming altar of Fedhas.
    92 | D        | Found an opulent altar of Gozag.
    93 | D        | Found a hazy altar of Hepliaklqana.
    94 | D        | Found a viscous altar of Jiyva.
    95 | D        | Found an ancient bone altar of Kikubaaqudgha.
    96 | D        | Found a corrupted altar of Lugonu.
    97 | D        | Found a burning altar of Makhleb.
    98 | D        | Found a sparkling altar of Nemelex Xobeh.
    99 | D        | Found an iron altar of Okawaru.
   100 | D        | Found a stormy altar of Qazlal.
   101 | D        | Found a sacrificial altar of Ru.
   102 | D        | Found a deep blue altar of Sif Muna.
   103 | D        | Found a bloodstained altar of Trog.
   104 | D        | Found a hide-covered altar of Uskayaw.
   105 | D        | Found a radiant altar of Vehumet.
   106 | D        | Found an ornate altar of the Wu Jian Council.
   107 | D        | Found a shimmering altar of Xom.
   108 | D        | Found a basalt altar of Yredelemnul.
   109 | D        | Found a glowing silver altar of Zin.
   110 | D        | Found a glowing golden altar of the Shining One.
   137 | D        | Became a worshipper of Hepliaklqana the Forgotten
   211 | D        | Noticed a yak
   211 | D        | Noticed an orc warrior
   211 | D        | Noticed a centaur
   211 | D        | Noticed a gnoll sergeant
   223 | D        | Killed a gnoll sergeant
   223 | D        | Reached skill level 5 in Fighting
   223 | D        | Reached skill level 1 in Ice Magic
   223 | D        | Reached skill level 1 in Poison Magic
   223 | D        | Reached XP level 5. HP: 20/43 MP: 9/12
   227 | D        | Shot with an arrow by a centaur

Vault maps used:
D:        linesprint

Skill      XL: |  1  2  3  4 |
---------------+-------------+-----
Dodging        | 2 3 4 |  4.8
Fighting       | 2 4 5 |  5.2
Spellcasting   | 4 |  4.9
Transmutations | 3 |  3.8
Unarmed Combat | 4 |  4.4
Ice Magic      | 1 |  1.6
Poison Magic   | 1 |  1.5

Action                   |  1- 3 |  4- 6 || total
-------------------------+-------+-------++-------
Melee: Unarmed           |    36 |    15 ||    51
       Tailslap          |     7 |       ||     7
       Headbutt          |     2 |       ||     2
 Cast: Beastly Appendage |     3 |       ||     3
       Spider Form       |       |     1 ||     1
  Use: Potion            |     2 |       ||     2
Armor: Skin              |     3 |     1 ||     4
Dodge: Dodged            |    21 |    13 ||    34
